 Dungeon Crawl Stone Soup version 0.21.1-1-g345015f (webtiles) character file.

409 VLARC the Slasher (level 6, 0/34 HPs)
             Began as a Vine Stalker Gladiator on Mar 26, 2018.
             Slain by a hippogriff (2 damage)
             ... on level 4 of the Dungeon.
             The game lasted 00:05:27 (2142 turns).

VLARC the Slasher (Vine Stalker Gladiator)          Turns: 2142, Time: 00:05:28

Health: 0/34       AC:  4    Str: 18    XL:     6   Next: 89%
Magic:  0/7        EV: 13    Int:  8    God:
Gold:   103        SH:  0    Dex: 16    Spells: 5/5 levels left

rFire    . . .     SeeInvis .   a - +0 long sword
rCold    . . .     Gourm    .   (no shield)
rNeg     . . .     Faith    .   b - +0 leather armour
rPois    .         Spirit   +   c - +0 helmet
rElec    .         Reflect  .   (no cloak)
rCorr    .         Harm     .   (no gloves)
MR       .....                  (no boots)
Stlth    +.........             l - amulet of regeneration
HPRegen  0.91/turn              (no ring)
MPRegen  0.10/turn              (no ring)

@: no status effects
A: fangs 2, regeneration 1, magic shield, antimagic bite, no potion heal 3, rot
immunity
a: no special abilities


You were on level 4 of the Dungeon.
You were not hungry.

You visited 1 branch of the dungeon, and saw 4 of its levels.

You collected 103 gold pieces.

Inventory:

Hand Weapons
 a - a +0 long sword (weapon)
Missiles
 d - 3 throwing nets (quivered)
Armour
 b - a +0 leather armour (worn)
 c - a +0 helmet (worn)
Jewellery
 l - an amulet of regeneration (around neck)
Scrolls
 e - 2 scrolls of identify
Potions
 g - 4 potions of curing
 h - a potion of magic
Comestibles
 f - 2 rations


   Skills:
 + Level 4.7 Fighting
 + Level 5.2 Long Blades
 - Level 1.7 Throwing
 - Level 2.4 Dodging


You had 5 spell levels left.
You didn't know any spells.

Dungeon Overview and Level Annotations

Branches:
Dungeon (3/15)

Altars:


Innate Abilities, Weirdness & Mutations

You have extremely sharp teeth.
Your natural rate of healing is unusually fast.
When hurt, damage is shared between your health and your magic reserves.
Your bite disrupts and absorbs the magic of your enemies.
Potions cannot restore your health.
You are immune to rotting.


Message History

Okay, then.
You aren't carrying any items that you can evoke.
You hit the gnoll. You bite the gnoll. You drain its power.
You feel invigorated.
The gnoll is moderately wounded.
The hippogriff bites you but does no damage.
The hippogriff pecks you.
* * * LOW HITPOINT WARNING * * *
The hippogriff claws you.
* * * LOW HITPOINT WARNING * * *
The bullfrog skeleton barely misses you.
You riposte.
You barely miss the bullfrog skeleton. You bite the bullfrog skeleton!
You drain its power.
You feel invigorated.
The bullfrog skeleton is moderately damaged.
The gnoll hits you with a flail! The gnoll misses you.
You hit the gnoll.
The gnoll is almost dead.
The bullfrog skeleton closely misses you.
The hippogriff barely misses you. The hippogriff pecks you.
You die...

#...$.# #...........#
.....## ##..........#
#.#... #..........#
..........##.(.#..#####
##...###.........##
##........###.#.#
#.....#.. #.g.######
...## #. ###Hg....# ..
#@####.# ## #Z# ..#
.... ..... #......
#....(. #......#


You could see a hippogriff, 2 gnolls and a bullfrog skeleton.

Vanquished Creatures
  A phantom (D:4)
  The ghost of Mirai the Magician, an amateur DECj (D:3)
  Jessica (D:2)
  A worker ant (D:4)
  4 adders
  7 gnolls
  3 oozes
  A worm (D:2)
  3 dart slugs (D:1)
  5 leopard geckos
  4 orcs (D:4)
  A ball python (D:4)
  4 giant cockroaches
  5 goblins
  6 hobgoblins
  10 jackals
  6 kobolds
  A quokka (D:4)
  5 bats
  6 frilled lizards
  6 rats
81 creatures vanquished.

Notes
Turn   | Place    | Note
-------+----------+-------------------------------------------
     0 | D:1      | VLARC the Vine Stalker Gladiator began the quest for the Orb.
     0 | D:1      | Reached XP level 1. HP: 11/11 MP: 2/2
    93 | D:1      | Reached XP level 2. HP: 13/15 MP: 3/3
    98 | D:1      | Reached skill level 3 in Long Blades
   388 | D:1      | Reached XP level 3. HP: 18/19 MP: 4/4
  1125 | D:2      | Gained mutation: Your natural rate of healing is unusually fast. [Vine Stalker growth]
  1125 | D:2      | Reached XP level 4. HP: 23/23 MP: 5/5
  1315 | D:2      | Noticed Jessica
  1321 | D:2      | Killed Jessica
  1346 | D:2      | Reached skill level 4 in Long Blades
  1346 | D:2      | Reached XP level 5. HP: 28/28 MP: 6/6
  1822 | D:3      | Noticed Mirai's ghost (amateur DECj)
  1830 | D:3      | Killed Mirai's ghost
  1830 | D:3      | Reached XP level 6. HP: 23/33 MP: 5/7
  1930 | D:3      | You fall through a shaft!
  1984 | D:4      | Noticed a phantom
  2003 | D:4      | Killed a phantom
  2003 | D:4      | Reached skill level 5 in Long Blades
  2091 | D:4      | Noticed a hippogriff
  2141 | D:4      | HP: 1/34 [hippogriff (3)]
  2142 | D:4      | Slain by a hippogriff

Skill      XL: |  1  2  3  4  5  6 |
---------------+-------------------+-----
Fighting       | 2 3 4 |  4.7
Long Blades    | 3 4 5 |  5.2
Throwing       | |  1.7
Dodging        | |  2.4

Action                   |  1- 3 |  4- 6 || total
-------------------------+-------+-------++-------
Melee: Long sword        |    75 |   147 ||   222
       Bite              |    27 |    55 ||    82
  Use: Scroll            |       |     6 ||     6
 Stab: Sleeping          |     2 |     3 ||     5
  Eat: Chunk             |     1 |     3 ||     4
Armor: Leather armour    |    22 |    34 ||    56
Dodge: Dodged            |    55 |   124 ||   179
       Rpst.: Long sword |    17 |    32 ||    49
